 Dungeon Crawl Stone Soup version 0.30.0-17-ge0270778cf (webtiles) character file.

Game seed: 17460491460465259554

214 Hades the Trooper (level 5, -1/63 HPs)
             Began as a Demonspawn Berserker on May 21, 2023.
             Was a Believer of Trog.
             Slain by an orc
             ... wielding a +0 club
              (4 damage)
             ... on level 4 of the Dungeon.
             The game lasted 00:18:58 (3352 turns).

Hades the Trooper (Demonspawn Berserker)            Turns: 3352, Time: 00:18:59

Health: -1/63      AC:  8    Str: 23    XL:     5   Next: 59%
Magic:  5/5        EV: 11    Int:  7    God:    Trog [**....]
Gold:   179        SH:  0    Dex: 10    Spells: 4/4 levels left

rFire   + . .        a - +0 falchion
rCold   . . .        (no shield)
rNeg    . . .        e - +2 scale mail
rPois   .            (no helmet)
rElec   .            (no cloak)
rCorr   +            (no gloves)
SInv    .            (no boots)
Will    .....        (no amulet) Stlth
                     g - ring of resist corrosion
HPRegen 0.30/turn    l - ring of protection from fire
MPRegen 0.09/turn

%: clarity
@: berserking (expiring), lethally poisoned (-1 -> -2), very quick
A: powered by pain 1, sturdy frame 1, demonic touch 1, clarity, clumsy 1, strong
1
a: Renounce Religion, Berserk, Trog's Hand


You were on level 4 of the Dungeon.
You worshipped Trog.
Trog was pleased with you.
You visited 1 branch of the dungeon, and saw 4 of its levels.

You collected 179 gold pieces.

Inventory:

Hand Weapons
 a - a +0 falchion (weapon)
 m - a +0 long sword
Armour
 b - a +0 animal skin
 e - a +2 scale mail (worn)
Jewellery
 g - a ring of resist corrosion (left hand)
 k - a ring of positive energy
 l - a ring of protection from fire (right hand)
 n - a ring of ice
Wands
 d - a wand of roots (15)
Scrolls
 c - a scroll of fear {unknown}
 f - 2 scrolls of teleportation {unknown}
 h - a scroll of amnesia
 q - a scroll of enchant weapon {unknown}
Potions
 i - a potion of flight
 j - a potion of brilliance
 o - a potion of degeneration {unknown}
 p - a potion of berserk rage {unknown}


   Skills:
 + Level 4.1 Fighting
 + Level 4.1 Long Blades
 + Level 2.7 Armour
 + Level 2.6 Dodging
 + Level 0.4 Stealth


You had 4 spell levels left.
You didn't know any spells.
Your spell library contained the following spells:

 Spells                   Type           Power      Damage    Failure   Level
 Sublimation of Blood     Necr           0%         N/A       77%         2
 Wereblood                Tmut           0%         N/A       77%         2
 Summon Hydra             Summ           0%         N/A       100%        7


Dungeon Overview and Level Annotations

Branches:
Dungeon (4/15)             Temple (0/1) D:4

Altars:
Gozag
Wu Jian

Shops:
D:2 [


Innate Abilities, Weirdness & Mutations

You sometimes gain a little power by taking damage.
Your movements are slightly less encumbered by armour. (ER -2)
Your touch may inflict minor irresistible damage on your foes.
You possess an exceptional clarity of mind.
You are clumsy. (Dex -2)
Your muscles are strong. (Str +4, Int/Dex -1)


Message History

You hit the scorpion.
The scorpion is severely wounded.
You feel sick. The scorpion barely misses you.
You slash the orc wizard!
The orc wizard is almost dead.
You feel sick. The orc hits you with a +0 hand axe.
* * * LOW HITPOINT WARNING * * *
The orc wizard hits you but does no damage.
The scorpion barely misses you.
You hit the scorpion. Your touch misses the scorpion.
The scorpion is almost dead.
You feel sick. The orc hits you but does no damage.
The orc wizard hits you with a +0 dagger.
* * * LOW HITPOINT WARNING * * *
The scorpion closely misses you.
You hit the scorpion.
You kill the scorpion!
Trog accepts your kill.
You feel sick. The orc hits you with a +0 hand axe.
* * * LOW HITPOINT WARNING * * *
The orc wizard gestures at you while chanting.
You feel momentarily confused. The orc hits you but does no damage.
Your Long Blades skill increases to level 4!
You have reached level 5!
Your demonic ancestry asserts itself...
You feel energised by your suffering.
You are too berserk!
You slash the orc wizard!
You kill the orc wizard!
Trog accepts your kill.
Trog appreciates your killing of a magic user.
You feel sick. The orc barely misses you. The orc hits you with a +0 club.
* * * LOW HITPOINT WARNING * * *
The orc barely misses you.
You closely miss the orc.
You feel sick.
You slash the orc!
You kill the orc!
Trog accepts your kill.
You feel sick. The orc barely misses you. The orc hits you with a +0 club.
You die...

... ###.. .....
## #...# .. ...
#.⌠.# ...
...###...###...
........o........
....⌠..@o.⌠......
.......)o.......
...###...###...
##.. #.⌠.#...##
#...#...#...#
#...........#
######....###
####.# #.#


You could see 3 orcs.

Vanquished Creatures
  A scorpion (D:4)
  An orc wizard (D:4)
  7 adders
  2 worms
  2 dart slugs
  An orc (D:4)
  6 endoplasms
  2 giant cockroaches (D:2)
  2 goblins
  2 hobgoblins (D:1)
  3 jackals (D:2)
  3 quokkas
  10 ball pythons
  5 bats
  5 frilled lizards
  9 kobolds
  3 rats
64 creatures vanquished.

Notes
Turn   | Place    | Note
-------+----------+-------------------------------------------
     0 | D:1      | Hades the Demonspawn Berserker began the quest for the Orb.
     0 | D:1      | Reached XP level 1. HP: 18/18 MP: 1/1
   255 | D:1      | Gained mutation: Your touch may inflict minor irresistible
                  | damage on your foes. [demonic ancestry]
   255 | D:1      | Reached XP level 2. HP: 24/24 MP: 2/2
  1153 | D:2      | Found Xiwedug's Armour Emporium.
  1391 | D:2      | Gained mutation: Your movements are slightly less
                  | encumbered by armour. (ER -2) [demonic ancestry]
  1391 | D:2      | Reached XP level 3. HP: 10/29 MP: 3/3
  1507 | D:2      | Gained mutation: Your flesh is cold resistant. (rC+)
                  | [potion of mutation]
  1590 | D:2      | Reached ** piety under Trog
  2130 | D:2      | Lost mutation: Your flesh is cold resistant. (rC+) [potion
                  | of mutation]
  2130 | D:2      | Gained mutation: Your muscles are strong. (Str +4, Int/Dex
                  | -1) [potion of mutation]
  2130 | D:2      | Gained mutation: You are clumsy. (Dex -2) [potion of
                  | mutation]
  2130 | D:2      | Gained mutation: You possess an exceptional clarity of
                  | mind. [potion of mutation]
  2312 | D:3      | Found a faded altar of an unknown god.
  2502 | D:3      | Reached XP level 4. HP: 37/37 MP: 4/4
  2615 | D:3      | Found an opulent altar of Gozag.
  2616 | D:3      | Found an ornate altar of the Wu Jian Council.
  3330 | D:4      | Found a staircase to the Ecumenical Temple.
  3339 | D:4      | Noticed a scorpion
  3349 | D:4      | Killed a scorpion
  3350 | D:4      | Gained mutation: You sometimes gain a little power by
                  | taking damage. [demonic ancestry]
  3350 | D:4      | Reached XP level 5. HP: 9/42 MP: 5/5
  3352 | D:4      | HP: 3/63 [poisoned by a scorpion]
  3352 | D:4      | Slain by an orc

Illustrated notes

Levels and vault maps discovered:
D:1:      dpeg_arrival_arbitrary_b, layout_basic
D:2:      layout_basic, serial_shops, nicolae_shop_window_shopping,
          minmay_misc_feat_columns
D:3:      layout_basic, jmf_multi_god_temple,
          shapermc_ecumenical_altar_totnotflames, grunt_decor_mini_mirrors,
          nicolae_underground_beach
D:4:      layout_basic, old_standard_altar, minmay_temple_entry_junction_2

Skill      XL: |  1  2  3  4 |
---------------+-------------+-----
Long Blades    | 3 4 |  4.1
Dodging        | 2 |  2.6
Armour         | 2 |  2.7
Fighting       | 4 |  4.1
Stealth        | |  0.4

Action                     |  1- 3 |  4- 6 || total
---------------------------+-------+-------++-------
  Melee: Falchion          |   126 |    62 ||   188
         Touch             |    17 |     6 ||    23
         Punch             |     1 |     1 ||     2
 Invoke: Berserk           |     1 |     2 ||     3
         Trog's Hand       |       |     1 ||     1
    Use: Scroll            |     7 |       ||     7
         Potion            |     3 |       ||     3
 Armour: Animal skin       |    16 |       ||    16
         Scale mail        |    74 |    51 ||   125
  Dodge: Dodged            |   138 |    58 ||   196
